 Dungeon Crawl Stone Soup version 0.28.0-45-g0d030f2227 (webtiles) character file.

Game seed: 6303808013052482084

73 Peloso the Covered (level 4, -2/40 HPs)
             Began as a Minotaur Fighter on Apr 8, 2022.
             Succumbed to a gnoll's poison
             ... on level 3 of the Dungeon.
             The game lasted 00:02:54 (2716 turns).

Peloso the Covered (Minotaur Fighter)               Turns: 2716, Time: 00:02:55

Health: -2/40      AC:  9    Str: 21      XL:     4   Next: 8%
Magic:  3/3        EV:  7    Int:  2 (5)  God:
Gold:   59         SH:  4    Dex:  9 (11) Spells: 3/3 levels left

rFire   . . .      SeeInvis .   a - +0 long sword
rCold   . . .      Faith    .   c - +0 buckler
rNeg    . . .      Spirit   .   i - +0 chain mail
rPois   .          Reflect  .   (helmet restricted)
rElec   .          Harm     .   (no cloak)
rCorr   .          Rampage  .   (no gloves)
Will    .....                   (no boots)
Stlth   ..........              (no amulet)
HPRegen 0.13/turn               (no ring)
MPRegen 0.08/turn               (no ring)

@: lethally poisoned (-2 -> -15)
A: horns 2, retaliatory headbutt
a: no special abilities


You were on level 3 of the Dungeon.
You visited 1 branch of the dungeon, and saw 3 of its levels.

You collected 59 gold pieces.

Inventory:

Hand Weapons
 a - a +0 long sword (weapon)
Armour
 b - a +0 scale mail
 c - a +0 buckler (worn)
 i - a +0 chain mail (worn)
Scrolls
 e - a scroll of teleportation
Potions
 d - a potion of might


   Skills:
 + Level 4.2 Fighting
 + Level 3.2 Long Blades
 + Level 4.5 Armour
 + Level 0.1 Dodging
 + Level 4.2 Shields


You had 3 spell levels left.
You didn't know any spells.
Your spell library was empty.

Dungeon Overview and Level Annotations

Branches:
Dungeon (3/15)

Altars:
Hepliaklqana


Innate Abilities, Weirdness & Mutations

You have a pair of horns on your head.
You reflexively headbutt those who attack you in melee.


Message History

The gnoll hits you but does no damage.
The gnoll hits you from afar with a +0 spear.
You hit the gnoll but do no damage. The gnoll hits you but does no damage.
You hit the gnoll but do no damage. The gnoll hits you but does no damage.
You hit the gnoll.
The gnoll is moderately wounded.
The gnoll barely misses you. x2; The gnoll closely misses you.
The gnoll hits you but does no damage.
You are poisoned.
You feel sick.
You feel sick.
You feel sick.
You feel sick.
You see here a hobgoblin corpse.
You feel sick.
You feel sick.
You feel sick.
You are no longer poisoned.
You closely miss the hobgoblin. The hobgoblin hits you.
You block the gnoll's attack. The hobgoblin hits you.
You hit the hobgoblin.
You kill the hobgoblin!
The gnoll hits you from afar with a +2 spear of venom.
You are poisoned.
The gnoll barely misses you.
You feel very sick.
The gnoll hits you from afar with a +0 spear.
* * * LOW HITPOINT WARNING * * *
The gnoll barely misses you.
You hit the gnoll but do no damage.
* * * LOW HITPOINT WARNING * * *
You feel very sick.
You block the gnoll's attack. x2; The gnoll hits you but does no damage.
* * * LOW HITPOINT WARNING * * *
You feel sick. The gnoll hits you but does no damage.
You are more poisoned.
* * * LOW HITPOINT WARNING * * *
You feel very sick.
Okay, then.
You die...

#.##.#####.#.########......
#.##.#####.#.# ######.
#....##....#.# #.
#######.####.# #.
#.####.#### #. #.##.#.#..#
#. #....#....# #.
####.###..####### #. #@#
#.......># #.
#.####.#####.# #. #..gg...#
# ## ######g.####.##
#.g....... #.g.....#
#g.####.# #g.# #
#.........#


There were no monsters in sight!

Vanquished Creatures
  An orc wizard (D:3)
  An adder (D:2)
  A worm (D:2)
  2 orcs (D:3)
  2 endoplasms
  3 giant cockroaches
  4 hobgoblins
  2 kobolds
  5 quokkas
  4 ball pythons
  3 bats
  2 frilled lizards
  2 goblins
  3 rats
35 creatures vanquished.

Notes
Turn   | Place    | Note
-------+----------+-------------------------------------------
     0 | D:1      | Peloso the Minotaur Fighter began the quest for the Orb.
     0 | D:1      | Reached XP level 1. HP: 19/19 MP: 0/0
   631 | D:1      | Reached XP level 2. HP: 27/27 MP: 1/1
  1046 | D:2      | HP: 1/27 [poisoned by an adder]
  1499 | D:2      | Reached XP level 3. HP: 33/33 MP: 2/2
  1598 | D:2      | Found a hazy altar of Hepliaklqana.
  1654 | D:2      | Found a faded altar of an unknown god.
  2222 | D:3      | Reached XP level 4. HP: 19/40 MP: 3/3
  2715 | D:3      | HP: 1/40 [poisoned by a gnoll]
  2716 | D:3      | Succumbed to a gnoll's poison

Illustrated notes

Levels and vault maps discovered:
D:1:      dpeg_arrival_round_c, layout_basic, minmay_ruptured
D:2:      layout_basic, hellmonk_ecumenical_altar_zigzags, basic_altar
D:3:      layout_loops_ring, serial_co_window_serial, co_window_paths_a,
          co_window_of_opportunity_a, co_window_paths_b, co_window_corner_a,
          co_window_corner_a, co_window_broadway_b, co_window_cross_2,
          co_window_of_opportunity_b, co_window_2corner, co_window_corner_cb,
          co_window_4corner_b, co_window_paths_d, glass_columns_a,
          glass_columns_a, glass_columns_a, glass_columns_b, glass_columns_c

Skill      XL: |  1  2  3 |
---------------+----------+-----
Shields        | 4 |  4.2
Fighting       | 4 |  4.2
Armour         | 4 |  4.5
Long Blades    | 3 |  3.2
Dodging        | |  0.1

Action                   |  1- 3 |  4- 6 || total
-------------------------+-------+-------++-------
Melee: Long sword        |    80 |    16 ||    96
       Headbutt          |     5 |     1 ||     6
  Use: Scroll            |     2 |       ||     2
       Potion            |     3 |       ||     3
Armor: Scale mail        |    33 |       ||    33
       Chain mail        |    23 |    11 ||    34
Dodge: Dodged            |    36 |     7 ||    43
Block: Buckler           |    20 |     6 ||    26
